 Dungeon Crawl Stone Soup version 0.28.0-47-ge53b351184 (webtiles) character file.

Game seed: 314815026844138590

125 101zpm the Magician (level 5, -3/35 HPs)
             Began as a Djinni Ice Elementalist on Apr 26, 2022.
             Slain by a phantom (7 damage)
             ... on level 4 of the Dungeon.
             The game lasted 00:05:15 (2957 turns).

101zpm the Magician (Djinni Ice Elementalist)       Turns: 2957, Time: 00:05:16

Health: -3/35      AC:  2    Str:  7    XL:     5   Next: 30%
Gold:   60         EV: 12    Int: 18    God:
                   SH:  0    Dex: 14

rFire   + + .      SeeInvis .   (no weapon)
rCold   x . .      Faith    .   (no shield)
rNeg    . . .      Spirit   .   a - +0 robe
rPois   ∞          Reflect  .   (no helmet)
rElec   .          Harm     .   (no cloak)
rCorr   .          Rampage  .   (no gloves)
Will    .....                   (boots unavailable)
Stlth   ++........              (no amulet)
HPRegen 0.11/turn               (no ring)
MPRegen 0.00/turn               (no ring)

@: flying, very slightly contaminated
A: sickness immunity, fire resistance 2, cold vulnerability 1, float, innate
caster, HP casting, extra vitality 1
a: no special abilities


You were on level 4 of the Dungeon.
You visited 1 branch of the dungeon, and saw 4 of its levels.

You collected 60 gold pieces.

Inventory:

Armour
 a - a +0 robe (worn)
Wands
 g - a wand of flame (11)
Scrolls
 b - a scroll of identify {unknown}
 d - a scroll of fog {unknown}
 e - a scroll of teleportation {unknown}
 i - a scroll of fear {unknown}
 l - a scroll of vulnerability {unknown}
Potions
 c - a potion of degeneration {unknown}
 f - a potion of might {unknown}
 h - 3 potions of mutation {unknown}
 j - a potion of curing {unknown}
 k - a potion of resistance {unknown}


   Skills:
 + Level 0.1 Fighting
 + Level 2.3 Dodging
 + Level 2.5 Stealth
 + Level 0.1 Unarmed Combat
 + Level 4.5 Spellcasting


You couldn't memorise any spells.
You knew the following spells:

 Your Spells              Type           Power      Damage    Failure   Level
a - Freeze                Ice            80%        1d9       2%          1
b - Frozen Ramparts       Ice            40%        1d6       7%          3
c - Ozocubu's Armour      Ice            20%        N/A       7%          3
d - Hailstorm             Conj/Ice       20%        3d6       22%         4
e - Beastly Appendage     Tmut           40%        N/A       2%          1
f - Passwall              Tmut/Erth      16%        N/A       3%          2
Your spell library was empty.

Dungeon Overview and Level Annotations

Branches:
Dungeon (4/15)
 Temple: D:4-7

Altars:
Trog
Uskayaw
The Shining One

Annotations:
D:3 Sigmund


Innate Abilities, Weirdness & Mutations

You are immune to sickness and miasma.
You are immune to poison.
Your flesh is very heat resistant. (rF++)
You are vulnerable to cold. (rC-)
You float through the air rather than walking.
You learn spells naturally, not from books.
Your magical power is your life essence.
You have superior vitality. (+4 MHP)


Message History

The wall freezes the phantom but does no damage.
You freeze the phantom but do no damage.
The phantom completely resists. x2
The wall freezes the phantom but does no damage.
The phantom hits you.
You freeze the phantom.
The phantom resists.
The phantom is moderately damaged.
The frozen ramparts melt away.
The phantom hits you.
The phantom blinks!
You blink.
Your icy armour cracks and falls away as you move.
You are too injured to fight recklessly!
Aiming: Freeze (safe; 2% risk of failure)
Press: ? - help, Q - select action, (/) - cycle Shift-Dir - straight line, f/p - phantom
Aim: a phantom (lava, moderately damaged)
You freeze the phantom but do no damage.
The phantom completely resists.
The phantom hits you but does no damage.
Aiming: Freeze (safe; 2% risk of failure)
Press: ? - help, Q - select action, (/) - cycle Shift-Dir - straight line, f/p - phantom
Aim: a phantom (lava, moderately damaged)
You freeze the phantom but do no damage.
The phantom completely resists.
The phantom misses you.
Aiming: Freeze (safe; 2% risk of failure)
Press: ? - help, Q - select action, (/) - cycle Shift-Dir - straight line, f/p - phantom
Aim: a phantom (lava, moderately damaged)
You freeze the phantom but do no damage.
The phantom completely resists.
The phantom barely misses you.
Casting: Freeze (safe; 2% risk of failure)
Confirm with . or Enter, or press ? or * to list all spells.
Casting: Frozen Ramparts (dangerous; 7% risk of failure)
Press: ? - help, Dir - look around, f - activate You miscast Frozen Ramparts.
You are very lightly contaminated with residual magic.
Nothing appears to happen.
The phantom hits you!
* * * LOW HITPOINT WARNING * * *
The phantom blinks!
You blink.
The phantom hits you!
You die...

[≈.≈.(####.
(≈.≈(##.)#.##
##.###...#..#
#.##....##.#
#..........###
##...#######≈≈#
.[#+## ##≈#
.....#
#≈##+#####
.....#
#≈..@....#
.....#
#≈..W....#
.....#
+.$......#
#....#
#≈§......#
#+##+#
#≈.!.....#
#≈##+##### #≈#
≈≈ .##


You could see a phantom.

Vanquished Creatures
  Jessica (D:2)
  Ijyb (D:3)
  3 adders
  An adder skeleton (D:4)
  2 dart slugs
  An orc (D:3)
  4 endoplasms
  A giant cockroach (D:3)
  4 goblins
  5 hobgoblins
  2 quokkas
  2 ball pythons (D:2)
  A bat (D:2)
  4 frilled lizards
  5 kobolds
  6 rats
43 creatures vanquished.

Notes
Turn   | Place    | Note
-------+----------+-------------------------------------------
     0 | D:1      | 101zpm the Djinni Ice Elementalist began the quest for the
                  | Orb.
     0 | D:1      | Reached XP level 1. HP: 15/15 MP: 0/0
   601 | D:2      | Reached XP level 2. HP: 21/21 MP: 0/0
   889 | D:2      | Reached XP level 3. HP: 21/25 MP: 0/0
   889 | D:2      | Learned a level 1 spell: Beastly Appendage
   959 | D:2      | Noticed Jessica
   962 | D:2      | Killed Jessica
  1058 | D:2      | Reached skill level 4 in Spellcasting
  1058 | D:2      | Reached XP level 4. HP: 20/31 MP: 0/0
  1735 | D:3      | Noticed Ijyb
  1753 | D:3      | Killed Ijyb
  1989 | D:3      | Found a glowing golden altar of the Shining One.
  1993 | D:3      | Reached XP level 5. HP: 31/35 MP: 0/0
  1993 | D:3      | Learned a level 2 spell: Passwall
  2279 | D:3      | Noticed Sigmund
  2605 | D:4      | Found a hide-covered altar of Uskayaw.
  2763 | D:4      | Found a bloodstained altar of Trog.
  2941 | D:4      | Noticed a phantom
  2957 | D:4      | Slain by a phantom

Illustrated notes

Levels and vault maps discovered:
D:1:      giann_horns, layout_rooms, shapermc_ecumenical_altar_venn,
          minmay_tetromino_l4
D:2:      layout_basic, uniq_jessica
D:3:      layout_basic, mainiacjoe_overflow_concentric_impassable,
          serial_bayou_pond_c, uniq_sigmund, uniq_ijyb
D:4:      layout_basic, grunt_dithmenos_smoke, lightli_temple_of_fire,
          trog_hazing_becter, mainiacjoe_overflow_tiny_flanked,
          uniq_crazy_yiuf_cottage, uniq_natasha, uniq_grinder

Skill      XL: |  1  2  3 |
---------------+----------+-----
Stealth        | 2 |  2.5
Spellcasting   | 4 |  4.5
Fighting       | |  0.1
Dodging        | |  2.3
Unarmed Combat | |  0.1

Action                   |  1- 3 |  4- 6 || total
-------------------------+-------+-------++-------
Melee: Unarmed           |     3 |    52 ||    55
       Punch             |       |     2 ||     2
 Cast: Freeze            |    26 |    41 ||    67
       Frozen Ramparts   |       |     5 ||     5
       Hailstorm         |       |     4 ||     4
       Ozocubu's Armour  |       |     1 ||     1
Armor: Robe              |     2 |    23 ||    25
Dodge: Dodged            |    15 |    66 ||    81
